 Dungeon Crawl Stone Soup version 0.31-a0-988-g08d55dae12 (webtiles) character file.

Game seed: 6885846419010886977

113 BinkBink the Slasher (level 4, -2/29 HPs)
             Began as a Tengu Berserker on Nov 5, 2023.
             Was a Believer of Trog.
             Slain by Grinder (4 damage)
             ... on level 3 of the Dungeon.
             The game lasted 00:02:17 (1975 turns).

BinkBink the Slasher (Tengu Berserker)              Turns: 1975, Time: 00:02:18

Health: -2/29      AC:  3    Str: 18    XL:     4   Next: 96%
Magic:  5/5        EV: 13    Int:  7    God:    Trog [**....]
Gold:   145        SH:  0    Dex: 15    Spells: 3/3 levels left

rFire   . . .        a - +0 falchion
rCold   . . .        (no shield)
rNeg    . . .        b - +0 animal skin
rPois   .            l - +1 hat
rElec   .            (no cloak)
rCorr   .            (no gloves)
SInv    .            (boots unavailable)
Will    .....        (no amulet)
Stlth   +            (no ring)
HPRegen 0.24/turn    (no ring)
MPRegen 0.09/turn

%: acrobat
@: no status effects
A: beak, talons 3, acrobatic
a: Renounce Religion, Berserk, Trog's Hand


You were on level 3 of the Dungeon.
You worshipped Trog.
Trog was pleased with you.
You visited 1 branch of the dungeon, and saw 3 of its levels.

You collected 145 gold pieces.

Inventory:

Hand Weapons
 a - a +0 falchion (weapon)
Armour
 b - a +0 animal skin (worn)
 l - a +1 hat (worn)
Scrolls
 c - a scroll of enchant weapon {unknown}
 d - a scroll of revelation {unknown}
 f - a scroll of fog {unknown}
 g - 6 scrolls of identify {unknown}
 h - a scroll of poison {unknown}
 i - a scroll of blinking {unknown}
 j - a scroll of enchant armour {unknown}
 k - a scroll of noise {unknown}
 m - a scroll of summoning {unknown}
Potions
 e - a potion of curing
 n - a potion of enlightenment {unknown}
 o - a potion of haste {unknown}


   Skills:
 + Level 3.7 Fighting
 + Level 4.1 Long Blades
 + Level 3.3 Armour
 + Level 3.2 Dodging


You had 3 spell levels left.
You didn't know any spells.
Your spell library was empty.

Dungeon Overview and Level Annotations

Branches:
Dungeon (3/15)

Altars:

Annotations:
D:3 Grinder


Innate Abilities, Weirdness & Mutations

You have a beak for a mouth.
You have claws for feet.
You can magically evade attacks while moving or waiting.


Message History

You suddenly lose the ability to move!
Grinder blinks! x2
You can move again.
You see here the felid corpse of Natasha.
There is a stone staircase leading up, spattered with blood here.
You hit Grinder. Your kick misses Grinder. Your peck misses Grinder.
Grinder is heavily wounded.
Grinder hits you.
You hit Grinder. You peck Grinder.
Grinder is severely wounded.
Grinder misses you.
Grinder blinks!
You closely miss Grinder. Your kick misses Grinder.
Grinder is severely wounded.
Grinder gestures at you.
You suddenly lose the ability to move!
Grinder hits you! Grinder hits you. Grinder hits you.
* * * LOW HITPOINT WARNING * * *
You writhe in agony.
* * * LOW HITPOINT WARNING * * *
You can move again.
It was a potion of curing.
You feel better. Grinder closely misses you.
You hit Grinder but do no damage. Your kick misses Grinder.
Grinder is severely wounded.
Grinder misses you.
You closely miss Grinder. You claw Grinder.
Grinder is severely wounded.
Grinder hits you.
* * * LOW HITPOINT WARNING * * *
You writhe in agony.
* * * LOW HITPOINT WARNING * * *
You hit Grinder. Your kick misses Grinder.
Grinder is almost dead.
Grinder says, "You look like you could use a good racking."
Grinder hits you.
* * * LOW HITPOINT WARNING * * *
You writhe in agony.
You die...
Grinder says, "Now the real fun starts!"

...###.# #.......# ......#
. #.#...#.# ....# .#
#.##.##.# ....###.###
#.#####.# ).#......##.##
###.### #.#
†.#..##..##....#.....# #.#
...............#.#.#.###.#
......#........5.........#
..###.#.###.#.##@#.#.#####
..# #..........#.....#
..###...###.#5.###†###
#.....#####.#..# #...#
###.†..........# ###>#
#.#####.####.# #.# #.# #.#
#.# #.# #.# #.# #.# #.#
###.#####.# #.#####5#


You could see Grinder.

Vanquished Creatures
  Natasha (twice) (D:3)
  Robin (D:3)
  A worm (D:3)
  2 dart slugs
  2 endoplasms (D:1)
  11 goblins (D:3)
  7 hobgoblins
  4 jackals (D:2)
  4 ball pythons (D:1)
  5 bats
  4 frilled lizards
  A kobold (D:1)
  3 rats
47 creatures vanquished.

Notes
Turn   | Place    | Note
-------+----------+-------------------------------------------
     0 | D:1      | BinkBink the Tengu Berserker began the quest for the Orb.
     0 | D:1      | Reached XP level 1. HP: 14/14 MP: 2/2
   231 | D:1      | Reached XP level 2. HP: 19/19 MP: 3/3
  1102 | D:2      | Reached XP level 3. HP: 23/23 MP: 4/4
  1350 | D:2      | Found a faded altar of an unknown god.
  1467 | D:3      | Noticed Natasha
  1474 | D:3      | Killed Natasha
  1527 | D:3      | Reached ** piety under Trog
  1528 | D:3      | Reached XP level 4. HP: 28/28 MP: 5/5
  1617 | D:3      | Noticed Robin
  1629 | D:3      | Killed Robin
  1630 | D:3      | Reached skill level 4 in Long Blades
  1841 | D:3      | Noticed Grinder
  1845 | D:3      | Paralysed by Grinder for 5 turns
  1857 | D:3      | Paralysed by Grinder for 3 turns
  1868 | D:3      | Noticed Natasha
  1875 | D:3      | Killed Natasha
  1956 | D:3      | Paralysed by Grinder for 5 turns
  1968 | D:3      | Paralysed by Grinder for 4 turns
  1975 | D:3      | Slain by Grinder

Illustrated notes

Levels and vault maps discovered:
D:1:      orjb1_clovarrival, layout_basic
D:2:      layout_loops_cross, chequers_ecumenical_altar_lobes,
          minmay_misc_feat_hallway
D:3:      layout_loops_ring, makhleb_altar_promises_db, uniq_robin,
          uniq_grinder, uniq_natasha

Skill      XL: |  1  2  3  4 |
---------------+-------------+-----
Armour         | 3 |  3.3
Dodging        | 3 |  3.2
Long Blades    | 4 |  4.1
Fighting       | |  3.7

Action                     |  1- 3 |  4- 6 || total
---------------------------+-------+-------++-------
  Melee: Falchion          |    62 |    53 ||   115
         Peck              |     9 |     8 ||    17
         Kick              |    15 |    15 ||    30
         Punch             |     1 |       ||     1
    Use: Potion            |       |     1 ||     1
   Stab: Sleeping          |     3 |       ||     3
 Armour: Animal skin       |    24 |    28 ||    52
  Dodge: Dodged            |    52 |    28 ||    80

Table legend: (Time is in decaauts)
 A = Elapsed time spent in this place.
 B = Non-inter-level travel time spent in this place.
 C = Inter-level travel time spent in this place.
 D = Time resting spent in this place.
 E = Time spent auto-exploring this place.
 F = Levels seen in this place.
 G = Mean time per level.
                   A        B        C        D        E       F      G
               +--------+--------+--------+--------+--------+-----+--------+
         Total |   2003 |   1964 |     39 |      0 |   1624 |   3 |  667.7 |
       Dungeon |   2003 |   1964 |     39 |      0 |   1624 |   3 |  667.7 |
               +--------+--------+--------+--------+--------+-----+--------+

Top non-repeatable levels by time:
     D:1: 813 daAuts
     D:2: 730 daAuts
     D:3: 459 daAuts
